 Seeded DCSS version 0.30-a0-347-gf58ed5266c (webtiles) character file.

Game seed: 20220831 (custom seed)

3 muata the Conjurer (level 1, 13/14 HPs)
             Began as a Draconian Conjurer on Oct 22, 2022.
             Quit the game on level 1 of the Dungeon on Nov 5, 2022.
             The game lasted 00:01:20 (138 turns).

muata the Conjurer (Draconian Conjurer)              Turns: 138, Time: 00:01:20

Health: 13/14      AC:  4    Str:  9    XL:     1   Next: 41%
Magic:  3/3        EV: 12    Int: 18    God:
Gold:   17         SH:  0    Dex:  9    Spells: 3/4 levels left

rFire   . . .      SeeInvis .    (no weapon)
rCold   . . .      Faith    .    (no shield)
rNeg    . . .      Spirit   .    (body armour unavailable)
rPois   .          Reflect  .    (helmet restricted)
rElec   .          Harm     .    (no cloak)
rCorr   .          Rampage  .    (no gloves)
Will    .....                    (no boots)
Stlth   ++........               (no amulet)
HPRegen 0.22/turn                (no ring)
MPRegen 0.08/turn                (no ring)

@: no status effects
A: AC +4, unfitting armour, cold-blooded
a: no special abilities


You were on level 1 of the Dungeon.
You visited 1 branch of the dungeon, and saw 1 of its levels.

You collected 17 gold pieces.

Inventory:

Potions
 a - a potion of magic
 b - a potion of ambrosia {unknown}


   Skills:
 - Level 1.7 Dodging
 - Level 1.7 Stealth
 + Level 2.2 Spellcasting
 - Level 4.0 Conjurations


You had 3 spell levels left.
You knew the following spells:

 Your Spells              Type           Power      Damage    Failure   Level
a - Magic Dart            Conj           64%        1d6       3%          1

Your spell library contained the following spells:

 Spells                   Type           Power      Damage    Failure   Level
 Searing Ray              Conj           32%        2d5       5%          2
 Dazzling Flash           Conj/Hex       18%        N/A       24%         3
 Gell's Gravitas          Tloc           2%         N/A       47%         3
 Lesser Beckoning         Tloc           4%         N/A       47%         3
 Teleport Other           Tloc           2%         N/A       47%         3
 Fulminant Prism          Conj/Hex       4%         3d5       61%         4
 Iskenderun's Mystic Bla  Conj/Tloc      9%         2d4       61%         4


Dungeon Overview and Level Annotations

Branches:
Dungeon (1/15)

Altars:


Innate Abilities, Weirdness & Mutations

Your plain brown scales are hard. (AC +4)
You cannot fit into any form of body armour.
You are cold-blooded and may be slowed by cold attacks.


Message History

The goblin closely misses you.
You hit the goblin.
The goblin is severely wounded.
The goblin closely misses you.
You hit the goblin.
You kill the goblin!
You see here a +0 club.
You see here a ball python corpse.
Found a robe.
b - a gluggy clear potion You open the door.
There is an open door here.
You pick up a book of Displacement and begin reading...
You add the spells Lesser Beckoning, Gell's Gravitas and Teleport Other to your library.
Found a quarterstaff.
A giant cockroach comes into view.
A giant cockroach is nearby!
A giant cockroach is nearby!
A bat comes into view.
Found a stone staircase leading down.
The bat hits you.
You see here a +0 quarterstaff.
The bat hits you but does no damage. The bat attacks as you move away!
The bat closely misses you.
A hobgoblin comes into view.
The bat closely misses you. The bat closely misses you.
The giant cockroach waves its antennae.
The giant cockroach bites you but does no damage.
The bat closely misses you.
You closely miss the bat.
The hobgoblin shouts!
The bat hits you but does no damage. The giant cockroach closely misses you.
The giant cockroach bites you.
You hit the giant cockroach but do no damage.
The giant cockroach closely misses you. The bat hits you.
You hit the bat.
The bat is moderately wounded.
The bat barely misses you. The bat hits you but does no damage.
The giant cockroach barely misses you. The bat closely misses you.
Are you sure you want to abandon this character and quit the game? (Confirm with "yes".)

###### #>... #....
#...#######...
#.#...........
.###.#B#.#.#.###..## #
....g..@b.....##...# #.#
..##.#.#..)...##...###.#
#.#...............[
#.#..##.###...###.#
#.#...........# # #
#.##.##.#####.###+# #.
#.##.# #.#.... #. #.##.#
#.#....
##.##.#####......


You could see a giant cockroach, a hobgoblin and a bat.

Vanquished Creatures
  A goblin (D:1)
  A hobgoblin (D:1)
  A ball python (D:1)
3 creatures vanquished.

Notes
Turn   | Place    | Note
-------+----------+-------------------------------------------
     0 | D:1      | muata the Draconian Conjurer began the quest for the Orb.
     0 | D:1      | Reached XP level 1. HP: 14/14 MP: 3/3
     0 | D:1      | Upgraded the game from 0.30-a0-305-g026cb31310 to
                  | 0.30-a0-347-gf58ed5266c
   138 | D:1      | Quit the game

Illustrated notes

Levels and vault maps discovered:
D:1:      ncdulo_smallfort, layout_basic, kennysheep_nondescript

Action                   || total
-------------------------++-------
Melee: Unarmed           ||    22
       Tailslap          ||     5
Armor: Skin              ||     9
Dodge: Dodged            ||    26

Table legend: (Time is in decaauts)
 A = Elapsed time spent in this place.
 B = Non-inter-level travel time spent in this place.
 C = Inter-level travel time spent in this place.
 D = Time resting spent in this place.
 E = Time spent auto-exploring this place.
 F = Levels seen in this place.
 G = Mean time per level.
                   A        B        C        D        E       F      G
               +--------+--------+--------+--------+--------+-----+--------+
         Total |    138 |    138 |      0 |      0 |     53 |   1 |  138.0 |
       Dungeon |    138 |    138 |      0 |      0 |     53 |   1 |  138.0 |
               +--------+--------+--------+--------+--------+-----+--------+

Top non-repeatable levels by time:
     D:1: 138 daAuts
